 Dungeon Crawl Stone Soup version 0.27-a0-931-g5a74e75d8f (webtiles) character file.

Game seed: 18268683921087919746

403 mhtbhm the Cudgeller (level 6, -3/58 HPs)
             Began as a Gargoyle Berserker on Apr 11, 2021.
             Was a Believer of Trog.
             Slain by a gnoll
             ... wielding a +0 flail
              (8 damage)
             ... on level 4 of the Dungeon.
             The game lasted 00:04:55 (3896 turns).

mhtbhm the Cudgeller (Gargoyle Berserker)           Turns: 3896, Time: 00:04:55

Health: -3/58      AC: 10    Str: 22    XL:     6   Next: 86%
Magic:  6/6        EV: 12    Int:  8    God:    Trog [**....]
Gold:   70         SH:  0    Dex:  9    Spells: 5/5 levels left

rFire    . . .     SeeInvis .   a - +0 mace
rCold    + . .     Faith    .   (no shield)
rNeg     + . .     Spirit   .   b - +2 leather armour {rC+}
rPois    ∞         Reflect  .   (no helmet)
rElec    +         Harm     .   (no cloak)
rCorr    .         Rampage  .   (no gloves)
Will     .....                  g - +0 pair of boots {Fly}
Stlth    ..........             (no amulet)
HPRegen  0.19/turn              (no ring)
MPRegen  0.10/turn              (no ring)

@: berserking (expiring), flying, studying Throwing, very quick
A: AC +4, negative energy resistance 1, electricity resistance, torment
resistance 1, unbreathing 1, petrification resistance
a: Renounce Religion, Berserk, Trog's Hand


You were on level 4 of the Dungeon.
You worshipped Trog.
Trog was pleased with you.
You visited 1 branch of the dungeon, and saw 4 of its levels.

You collected 70 gold pieces.

Inventory:

Hand Weapons
 a - a +0 mace (weapon)
Missiles
 f - a throwing net
 h - 16 poisoned darts
Armour
 b - a +2 leather armour of cold resistance (worn)
 g - a +0 pair of boots of flying (worn)
Scrolls
 c - a scroll of brand weapon
Potions
 d - a potion of ambrosia
 e - a potion of might {unknown}
 i - 2 potions of berserk rage
 j - a potion of flight {unknown}
 k - 2 potions of degeneration {unknown}
 m - 2 potions of curing {unknown}
 o - a potion of lignification {unknown}


   Skills:
 + Level 4.6 Fighting
 + Level 5.4 Maces & Flails
 + Level 3.1 Armour
 + Level 3.1 Dodging
 + Level 1.0 Stealth


You had 5 spell levels left.
You didn't know any spells.
Your spell library was empty.

Dungeon Overview and Level Annotations

Branches:
Dungeon (4/15)             Temple (0/1) D:4

Altars:
Gozag
Kikubaaqudgha


Innate Abilities, Weirdness & Mutations

Your stone body is resilient. (AC +4)
You are immune to poison.
You resist negative energy. (rN+)
You are resistant to electric shocks. (rElec)
You are resistant to unholy torment.
You can survive without breathing.
You are immune to petrification.


Message History

Trog accepts your kill.
Your Dodging skill increases to level 3!
You sock the gnoll!
You feel the power of Trog in you as your rage grows.
You kill the gnoll!
Trog accepts your kill.
The gnoll hits you from afar with a +0 halberd.
* * * LOW HITPOINT WARNING * * *
You sock the kobold!
You kill the kobold!
Trog accepts your kill. The gnoll misses you.
Unknown command.
The gnoll throws a stone.
The stone closely misses you.
Things that are here:
a +0 dagger; a +0 whip of distortion; a kobold corpse You sock the gnoll!
You feel the power of Trog in you as your rage grows.
You kill the gnoll!
Trog accepts your kill.
The gnoll throws a stone.
The stone hits you but does no damage.
You hit the gnoll.
The gnoll is heavily wounded.
You hit the gnoll.
The gnoll is almost dead.
The gnoll barely misses you.
You hit the gnoll.
You kill the gnoll!
Trog accepts your kill. The gnoll barely misses you.
You closely miss the gnoll. The gnoll hits you but does no damage.
You barely miss the gnoll. You sock the gnoll!
The gnoll is almost dead.
The gnoll hits you with a +0 flail!
* * * LOW HITPOINT WARNING * * *
You closely miss the gnoll.
The gnoll is almost dead.
The gnoll hits you with a +0 flail!
You die...

. #. #.#..
#....?.<......#
...
............<..
. ..
..............#
..
.#####.!..###.#
... #........#
..( #...######
.. #...#
#.###g..#
#..@)$##
#...#### #.##.#
.. ..# #.. )...
#. .#..# #
#..... . ...#


You could see a gnoll.

Vanquished Creatures
  A scorpion (D:4)
  An orc priest (D:3)
  2 iguanas (D:4)
  Natasha (thrice) (D:3)
  An orc wizard (D:3)
  A hound skeleton (D:4)
  3 adders
  3 gnolls (D:4)
  A worm (D:3)
  2 dart slugs
  4 orcs
  3 bats (D:1)
  8 endoplasms
  3 giant cockroaches
  13 hobgoblins
  8 jackals
  8 kobolds
  2 quokkas (D:3)
  A ball python (D:1)
  4 frilled lizards
  5 goblins
  5 rats
82 creatures vanquished.

Notes
Turn   | Place    | Note
-------+----------+-------------------------------------------
     0 | D:1      | mhtbhm the Gargoyle Berserker began the quest for the Orb.
     0 | D:1      | Reached XP level 1. HP: 14/14 MP: 1/1
   265 | D:1      | Reached XP level 2. HP: 19/19 MP: 2/2
   333 | D:1      | Found a faded altar of an unknown god.
   563 | D:1      | Reached XP level 3. HP: 20/24 MP: 3/3
   681 | D:1      | Reached ** piety under Trog
  2463 | D:3      | Reached XP level 4. HP: 29/29 MP: 4/4
  2488 | D:3      | Noticed Natasha
  2495 | D:3      | Killed Natasha
  2496 | D:3      | Reached skill level 4 in Maces & Flails
  2969 | D:3      | Found an opulent altar of Gozag.
  3040 | D:3      | Found an ancient bone altar of Kikubaaqudgha.
  3096 | D:3      | Noticed Natasha
  3106 | D:3      | Killed Natasha
  3107 | D:3      | Reached XP level 5. HP: 33/33 MP: 5/5
  3394 | D:3      | Noticed Natasha
  3404 | D:3      | Killed Natasha
  3765 | D:4      | Reached skill level 5 in Maces & Flails
  3765 | D:4      | Reached XP level 6. HP: 39/39 MP: 6/6
  3771 | D:4      | Reached skill level 1 in Stealth
  3851 | D:4      | Found a staircase to the Ecumenical Temple.
  3896 | D:4      | Slain by a gnoll

Illustrated notes

Levels and vault maps discovered:
D:1:      elethiomel_arrival_quiet, layout_loops_corners,
          shapermc_ecumenical_altar_mp_highgroup
D:2:      layout_loops_corners, serial_forest, infiniplex_forest_lined_1,
          infiniplex_forest_corner_1, infiniplex_forest_clump_diagonal,
          infiniplex_forest_end_3, infiniplex_forest_clump_long,
          infiniplex_forest_straight_2, infiniplex_forest_clump_long
D:3:      layout_loops_corners, nicolae_overflow_crystal_walls,
          lemuel_doored_altar, kennysheep_generic_room_13, uniq_natasha
D:4:      layout_loops_cross, amcnicky_altar_gilded,
          minmay_temple_entry_crystal_x, portal_sewer_entry_e

Skill      XL: |  1  2  3  4  5  6 |
---------------+-------------------+-----
Fighting       | 4 |  4.6
Maces & Flails | 4 5 |  5.4
Dodging        | 2 3 |  3.1
Stealth        | 1 |  1.0
Armour         | 3 |  3.1

Action                   |  1- 3 |  4- 6 || total
-------------------------+-------+-------++-------
Melee: Mace              |   118 |   142 ||   260
Invok: Berserk           |       |     5 ||     5
  Use: Scroll            |     2 |     4 ||     6
       Potion            |       |     2 ||     2
Armor: Animal skin       |    15 |       ||    15
       Ring mail         |    14 |       ||    14
       Leather armour    |    39 |    74 ||   113
Dodge: Dodged            |    80 |   114 ||   194

Table legend: (Time is in decaauts)
 A = Elapsed time spent in this place.
 B = Non-inter-level travel time spent in this place.
 C = Inter-level travel time spent in this place.
 D = Time resting spent in this place.
 E = Time spent auto-exploring this place.
 F = Levels seen in this place.
 G = Mean time per level.
                   A        B        C        D        E       F      G
               +--------+--------+--------+--------+--------+-----+--------+
         Total |   3987 |   3938 |     49 |    388 |   2785 |   4 |  996.8 |
       Dungeon |   3987 |   3938 |     49 |    388 |   2785 |   4 |  996.8 |
               +--------+--------+--------+--------+--------+-----+--------+

Top non-repeatable levels by time:
     D:3: 1546 daAuts
     D:1: 1371 daAuts
     D:2: 922 daAuts
     D:4: 147 daAuts
